 Dungeon Crawl Stone Soup version 0.31-a0-1499-ge0622b2318 (webtiles) character file.

Game seed: 4654303926734559568

413 IdlyInterested the Changeling (level 6, 0/44 HPs)
             Began as a Demonspawn Shapeshifter on Dec 29, 2023.
             Slain by an iguana (4 damage)
             ... on level 5 of the Dungeon.
             The game lasted 00:11:37 (3372 turns).

IdlyInterested the Changeling (DsSh)                Turns: 3372, Time: 00:11:38

Health: 0/44       AC:  7    Str: 12 (14) XL:     6   Next: 59%
Magic:  9/9        EV:  9    Int: 10 (12) God:
Gold:   152        SH:  6    Dex: 13 (15) Spells: 5/5 levels left

rFire   . . .        s - +7 war axe of Adverse Possession {venom, Int+2}
rCold   . . .        (no shield)
rNeg    . . .        u - +1 scale mail
rPois   .            (helmet currently unavailable)
rElec   .            (cloak currently unavailable)
rCorr   .            (gloves currently unavailable)
SInv    .            (boots currently unavailable)
Will    .....        (no amulet) Stlth
                     (no ring)
HPRegen 0.27/turn    (no ring)
MPRegen 0.22/turn

%: no passive effects
@: beast-form
A: beast (slay +2), horns 2, large bone plates 2, magic regeneration
a: Begin Untransformation


You were on level 5 of the Dungeon.
You were a hulking beast.
You visited 1 branch of the dungeon, and saw 5 of its levels.
You also visited: Sewer.

You collected 152 gold pieces.

Inventory:

Hand Weapons
 a - a +0 dagger
 i - a +0 mace
 p - a +0 spear
 r - the +12 dagger "Subbugig" {antimagic, Will++}
   (You found it on level 2 of the Dungeon)

   Will++:    It greatly increases your willpower.
 s - the +7 war axe of Adverse Possession (weapon) {venom, Int+2}
   (You found it on level 2 of the Dungeon)

   Int+2:     It affects your intelligence (+2).
 t - a +2 vampiric dagger
Missiles
 e - 45 stones (quivered)
 n - 26 poisoned darts
Armour
 u - a +1 scale mail (worn)
 H - a +0 pair of gloves
Magical Staves
 E - a staff of alchemy
Talismans
 c - a beast talisman
 d - a flux talisman
 g - a maw talisman
Wands
 B - a wand of iceblast (15)
Scrolls
 f - a scroll of amnesia
 h - 2 scrolls of silence
 k - 5 scrolls of teleportation
 x - a scroll of revelation
 y - a scroll of enchant weapon
 A - a scroll of identify
 C - a scroll of enchant armour
 D - a scroll of fear
 I - a scroll of brand weapon
 J - a scroll of immolation
Potions
 b - 2 potions of lignification
 j - a potion of might {unknown}
 l - a potion of enlightenment {unknown}
 m - 2 potions of haste
 o - 2 potions of curing
 q - a potion of brilliance {unknown}
 v - 3 potions of heal wounds
 w - a potion of experience {unknown}
 z - a potion of magic {unknown}
 F - a potion of resistance {unknown}


   Skills:
 - Level 2.2 Fighting
 - Level 1.0 Throwing
 - Level 1.0 Armour
 - Level 2.0 Dodging
 - Level 1.0 Stealth
 - Level 2.6 Unarmed Combat
 - Level 4.0 Invocations
 * Level 0.8 Evocations
 * Level 4.8 Shapeshifting


You had 5 spell levels left.
You didn't know any spells.
Your spell library contained the following spells:

 Spells                   Type           Power      Damage    Failure   Level
 Sting                    Conj/Alch      0%         1d3       90%         1
 Summon Small Mammal      Summ           0%         N/A       90%         1
 Mercury Vapours          Alch/Air       0%         N/A       97%         2
 Call Canine Familiar     Summ           0%         N/A       99%         3
 Gell's Gravitas          Tloc           0%         N/A       99%         3
 Teleport Other           Tloc           0%         N/A       99%         3
 Olgreb's Toxic Radiance  Alch           0%         N/A       100%        4
 Summon Blazeheart Golem  Fire/Summ      0%         N/A       100%        4
 Dispersal                Tloc           0%         N/A       100%        6


Dungeon Overview and Level Annotations

Branches:
Dungeon (5/15)              Sewer (visited)
 Temple: D:4-7

Altars:

Shops:
D:3 [


Innate Abilities, Weirdness & Mutations

You are a hulking beast.
Your limbs bulge with bestial killing power. (Slay +2)
You have a pair of horns on your head.
You are mostly covered in large bone plates. (SH +6)
You regenerate magic rapidly.


Message History

HP restored.
You open the door.
There is an open door here.
You feel yourself slow down.
J - a scroll labelled SUKOEM BAGECUE
As you read the scroll of identify, it crumbles to dust.
J - a scroll of immolation It was a potion of heal wounds.
You feel much better.
It was a potion of degeneration.
There was something very wrong with that liquid.
You feel weakened.
You feel dopey.
You feel clumsy.
You drop a potion of degeneration.
Okay, then.
An orc comes into view. It is wielding a +0 falchion.
The orc shouts!
An orc and an iguana come into view.
The orc shouts!
The iguana hisses angrily.
You hear a shout!
An orc comes into view. It is wielding a +0 club.
You hear a shout! x2
Found a stone staircase leading down.
Found 12 gold pieces.
The orc hits you with a +0 falchion.
You slash the orc!
You kill the orc!
An orc comes into view. It is wielding a +0 dagger.
You completely miss the iguana. You barely miss the orc. The iguana misses you.
The orc hits you with a +0 falchion. The orc hits you with a +0 falchion!
The orc hits you with a +0 club. The iguana bites you!
You hit the iguana. You headbutt the iguana.
The iguana is moderately wounded.
You hit the orc. x2; The orc hits you with a +0 club.
* * * LOW HITPOINT WARNING * * *
You block the iguana's attack.
You closely miss the iguana.
You headbutt the iguana, but do no damage.
The iguana is moderately wounded.
The iguana bites you.
* * * LOW HITPOINT WARNING * * *
An orc comes into view.
It is wielding a +0 club and wearing a +1 ring mail of fire resistance.
The iguana bites you.
You die...

#.##..
####'##.#
#..!..#..
#.....###
########.....#
.........##+##
##......#
#.#.##.# #...
#h# #.. #l#
....o$ooo..#
###..###...##
# #...# #....
o..### ..>.
####


You could see an iguana and 4 orcs.

Vanquished Creatures
  A kobold brigand (Sewer)
  An iguana (D:5)
  Natasha (D:2)
  Terence (D:2)
  4 gnolls (D:4)
  5 adders
  6 river rats (Sewer)
  3 ribbon worms
  10 orcs
  A bat (D:2)
  4 endoplasms
  4 giant cockroaches
  8 goblins
  3 hobgoblins
  4 jackals (D:2)
  3 quokkas
  3 ball pythons
  4 frilled lizards
  16 kobolds
  29 rats
111 creatures vanquished.

Notes
Turn   | Place    | Note
-------+----------+-------------------------------------------
     0 | D:1      | IdlyInterested the Demonspawn Shapeshifter began the quest
                  | for the Orb.
     0 | D:1      | Reached XP level 1. HP: 15/15 MP: 1/1
   350 | D:1      | Reached skill level 1 in Armour
   351 | D:1      | Gained mutation: You have a pair of small horns on your
                  | head. [demonic ancestry]
   351 | D:1      | Reached XP level 2. HP: 21/21 MP: 2/2
   597 | D:2      | Reached skill level 1 in Throwing
   689 | D:2      | Identified the +12 dagger "Subbugig" {antimagic, Will++}
   735 | D:2      | Gained mutation: You have a pair of horns on your head.
                  | [demonic ancestry]
   735 | D:2      | Reached XP level 3. HP: 19/26 MP: 1/3
   736 | D:2      | Identified the +7 war axe of Adverse Possession {venom,
                  | Int+2}
   793 | D:2      | Reached skill level 1 in Stealth
   867 | D:2      | Noticed Terence
   872 | D:2      | Killed Terence
  1181 | D:2      | Noticed Natasha
  1186 | D:2      | Killed Natasha
  1187 | D:2      | Gained mutation: You regenerate magic rapidly. [demonic
                  | ancestry]
  1187 | D:2      | Reached XP level 4. HP: 25/33 MP: 4/4
  1528 | D:3      | Reached skill level 1 in Invocations
  1584 | D:3      | Found a glowing drain.
  1588 | Sewer    | Entered a sewer
  1674 | Sewer    | Gained mutation: You are partially covered in large bone
                  | plates. (SH +4) [demonic ancestry]
  1674 | Sewer    | Reached XP level 5. HP: 25/38 MP: 6/6
  2024 | Sewer    | Gained mutation: You are mostly covered in large bone
                  | plates. (SH +6) [demonic ancestry]
  2024 | Sewer    | Reached XP level 6. HP: 44/44 MP: 7/9
  2513 | D:3      | Found a faded altar of an unknown god.
  2742 | D:3      | Found Zeub's Armour Emporium.
  3311 | D:5      | Entered Level 5 of the Dungeon
  3372 | D:5      | Slain by an iguana

Illustrated notes

Levels and vault maps discovered:
D:1:      wander_arrival_lonely_grave, layout_rooms, minmay_tetromino_o4
D:2:      layout_basic, nrook_loot_triangle, uniq_natasha, uniq_terence
D:3:      layout_loops_ring, dreamdust_ecumenical_altar_angels_and_demons,
          gup_sewer_entry_spiral, serial_shops,
          nicolae_shop_tiny_real_fake_doors
D:4:      layout_cave_pools
D:5:      layout_basic, mainiacjoe_overflow_alcove_3, temple_statues

Skill      XL: |  1  2  3  4  5 |
---------------+----------------+-----
Armour         | 1 |  1.0
Shapeshifting  | 3 4 |  4.8
Throwing       | 1 |  1.0
Stealth        | 1 |  1.0
Fighting       | 2 |  2.2
Dodging        | 2 |  2.0
Invocations    | 2 4 |  4.0
Unarmed Combat | |  2.6
Evocations     | |  0.8

Action                     |  1- 3 |  4- 6 || total
---------------------------+-------+-------++-------
  Melee: Unarmed           |    48 |       ||    48
         Punch             |     2 |       ||     2
         Headbutt          |     9 |    11 ||    20
         Dagger            |     5 |       ||     5
         War axe           |     8 |    99 ||   107
  Throw: Stone             |     7 |       ||     7
    Use: Scroll            |       |    10 ||    10
         Potion            |       |     4 ||     4
 Armour: Ring mail         |    28 |       ||    28
         Scale mail        |     4 |    83 ||    87
  Dodge: Dodged            |    26 |    57 ||    83
  Block: Other             |       |    22 ||    22

Table legend: (Time is in decaauts)
 A = Elapsed time spent in this place.
 B = Non-inter-level travel time spent in this place.
 C = Inter-level travel time spent in this place.
 D = Time resting spent in this place.
 E = Time spent auto-exploring this place.
 F = Levels seen in this place.
 G = Mean time per level.
                   A        B        C        D        E       F      G
               +--------+--------+--------+--------+--------+-----+--------+
         Total |   3471 |   3056 |    415 |    190 |   1899 |   6 |  578.5 |
       Dungeon |   2696 |   2281 |    415 |     50 |   1517 |   5 |  539.2 |
         Sewer |    775 |    775 |      0 |    140 |    381 |   1 |  775.0 |
               +--------+--------+--------+--------+--------+-----+--------+

Top non-repeatable levels by time:
     D:2: 900 daAuts
     D:3: 818 daAuts
   Sewer: 775 daAuts
     D:1: 478 daAuts
     D:4: 450 daAuts
     D:5: 48 daAuts
